 Dungeon Crawl Stone Soup version 0.30-a0-726-gd89dcf765f (webtiles) character file.

Game seed: 8018445363438118113

7360 ryw the Destroyer (level 10, -13/82 HPs)
             Began as an Armataur Hedge Wizard on Jan 29, 2023.
             Was a Believer of Vehumet.
             Mangled by a komodo dragon (21 damage)
             ... on level 1 of the Lair of Beasts on Jan 30, 2023.
             The game lasted 00:29:40 (11365 turns).

ryw the Destroyer (Armataur Hedge Wizard)          Turns: 11365, Time: 00:29:41

Health: -13/82     AC: 14    Str: 15    XL:     10   Next: 91%
Magic:  18/21      EV: 10    Int: 19    God:    Vehumet [**....]
Gold:   640        SH:  0    Dex: 10    Spells: 15/24 levels left

rFire   . . .      SeeInvis .    h - +0 staff of Battle
rCold   . . .      Faith    .    (no shield)
rNeg    . . .      Spirit   .    u - +0 steam dragon scales
rPois   +          Reflect  .    r - +2 hat
rElec   .          Harm     .    d - +0 cloak
rCorr   .          Roll     +    l - +0 pair of gloves
Will    .....                    (no barding)
Stlth   ++                       (no amulet)
HPRegen 0.33/turn                a - +4 ring of protection
MPRegen 0.17/turn                b - ring of poison resistance

@: no status effects
A: large, rugged brown scales 3, deformed body, armoured tail, roll, long
tongue, awkward tongue
a: Renounce Religion


You were on level 1 of the Lair of Beasts.
You worshipped Vehumet.
Vehumet was pleased with you.
You visited 3 branches of the dungeon, and saw 11 of its levels.

You collected 670 gold pieces.
You spent 30 gold pieces at shops.

Inventory:

Hand Weapons
 h - the +0 staff of Battle (weapon)
   (You acquired it on level 2 of the Dungeon)

   It enhances your conjuration magic.
   It summons a battlesphere in combat, with strength depending on Conjurations
   skill.
   Its strikes trigger the battlesphere's blasts.
Armour
 d - a +0 cloak (worn)
 l - a +0 pair of gloves (worn)
 r - a +2 hat (worn)
 u - +0 steam dragon scales (worn)
 w - a +2 leather armour of fire resistance
Jewellery
 a - a +4 ring of protection (left hand)
 b - a ring of poison resistance (right hand)
 x - a ring of protection from fire
Wands
 m - a wand of flame (44)
 s - a wand of mindburst (13)
 v - a wand of polymorph (14)
Scrolls
 k - 3 scrolls of identify
 o - 5 scrolls of magic mapping
 p - 3 scrolls of amnesia
 t - a scroll of enchant weapon
 A - a scroll of brand weapon
Potions
 e - a potion of berserk rage
 f - 5 potions of curing
 g - 2 potions of ambrosia
 i - a potion of degeneration
 j - 6 potions of heal wounds
 n - 2 potions of haste


   Skills:
 - Level 3.0 Fighting
 - Level 1.0 Staves
 - Level 2.0 Armour
 - Level 3.0 Dodging
 - Level 3.0 Stealth
 + Level 7.5 Spellcasting
 + Level 11.4 Conjurations
 - Level 2.0 Summonings
 - Level 2.0 Translocations
 - Level 2.0 Air Magic
 - Level 2.0 Earth Magic
 - Level 2.0 Poison Magic


You had 15 spell levels left.
You knew the following spells:

 Your Spells              Type           Power      Damage    Failure   Level
a - Magic Dart            Conj           100%       1d8       1%          1
b - Call Imp              Summ           14%        N/A       6%          2
c - Mephitic Cloud        Conj/Pois/Air  39%        N/A       3%          3
d - Stone Arrow           Conj/Erth      96%        3d13      1%          3

Your spell library contained the following spells:

 Spells                   Type           Power      Damage    Failure   Level
 Ignite Poison            Fire/Tmut/Pois 9%         N/A       22%         3
 Static Discharge         Conj/Air       96%        2-6/arc   1%          2
 Hailstorm                Conj/Ice       43%        3d10      2%          3
 Apportation              Tloc           28%        N/A       4%          1
 Sandblast                Erth           28%        2d8       4%          1
 Summon Small Mammal      Summ           56%        N/A       4%          1
 Blink                    Tloc           28%        N/A       6%          2
 Cigotuvi's Dreadful Rot  Necr/Pois/Air  24%        N/A       9%          2
 Freeze                   Ice            28%        1d5       10%         1
 Necrotise                Necr           28%        1d5       10%         1
 Slow                     Hex            28%        N/A       10%         1
 Passwall                 Tmut/Erth      8%         N/A       10%         2
 Call Canine Familiar     Summ           14%        N/A       13%         3
 Vhi's Electric Charge    Tloc/Air       28%        N/A       13%         3
 Arcjolt                  Conj/Air       24%        1d34      17%         5
 Lightning Bolt           Conj/Air       24%        1d39      17%         5
 Portal Projectile        Hex/Tloc       20%        N/A       19%         3
 Confusing Touch          Hex            7%         N/A       28%         3
 Frozen Ramparts          Ice            14%        1d3       28%         3
 Tukima's Dance           Hex            7%         N/A       28%         3
 Vampiric Draining        Necr           7%         2d6       28%         3
 Leda's Liquefaction      Hex/Erth       5%         N/A       54%         4
 Anguish                  Hex/Necr       3%         N/A       67%         4
 Blade Hands              Tmut           3%         N/A       95%         5
 Enfeeble                 Hex            3%         N/A       100%        7


Dungeon Overview and Level Annotations

Branches:
Dungeon (9/15)             Temple (1/1) D:5            Lair (1/5) D:9
    Orc: D:9-12

Altars:
Ashenzari
Cheibriados
Dithmenos
Elyvilon
Fedhas
Gozag
Hepliaklqana
Kikubaaqudgha
Makhleb
Nemelex Xobeh
Okawaru
Qazlal
Trog
Uskayaw
Vehumet
Wu Jian
Xom
Yredelemnul
Zin
The Shining One

Shops:
D:9 *

Annotations:
D:6 1 runed translucent door, mandoloar's ghost, novice MiFi


Innate Abilities, Weirdness & Mutations

You are completely covered in rugged brown scales. (AC +3, +7% HP)
Armour fits poorly on your strangely shaped body.
You have a long armoured tail.
You roll when moving toward enemies. (Rampage)
Your long tongue fully drains potion bottles. (2x potion effects)
Your tongue gives you trouble enunciating. (1.5x scroll delay)


Message History

Your battlesphere holds its ground!
The elephant trunk-slaps your battlesphere.
Your battlesphere is destroyed!
Casting: Magic Dart (safe; 1% risk of failure)
Confirm with . or Enter, or press ? or * to list all spells.
A beastly little devil appears in a puff of frigid air.
You conjure a globe of magical energy.
The komodo dragon bites your battlesphere.
The elephant closely misses you.
The elephant trunk-slaps you but does no damage.
You swap places.
The komodo dragon bites you!
* * * LOW HITPOINT WARNING * * *
The komodo dragon attacks as you move away!
The komodo dragon bites you!
* * * LOW HITPOINT WARNING * * *
Casting: Call Imp (safe; 6% risk of failure)
Confirm with . or Enter, or press ? or * to list all spells.
Aiming: Magic Dart (safe; 1% risk of failure)
Press: ? - help, Shift-Dir - straight line, f/p - komodo dragon
Aim: a komodo dragon (heavily wounded, 100% to hit)
Okay, then.
Unknown command.
You slurp down every last drop of the 7 potions of heal wounds!
You feel much better. The komodo dragon barely misses you.
The elephant tramples your white imp!
Your white imp holds its ground!
Your white imp dies!
Your white imp disappears in a puff of smoke!
As you slowly read the scroll of summoning, it crumbles to dust.
Wisps of shadow whirl around you... The komodo dragon bites you!!
* * * LOW HITPOINT WARNING * * *
The elephant tramples your battlesphere!
Your battlesphere holds its ground!
The elephant trunk-slaps your battlesphere.
Your battlesphere is destroyed!
The komodo dragon bites you!
* * * LOW HITPOINT WARNING * * *
Unknown command.
The komodo dragon attacks as you move away!
The komodo dragon bites you!!
You die...

###.#.......#
...#.......#
###.#..##.#.# #
#...<..##.#.#
P#..#.#.#..#....####
.......Y°Y..........
.P.#.#.##Y#S...####
#.....Y°lSS.#.#
#..#.#.##@####...
##...#....# #.## #^#
##.### ## #. ### . .


You could see 3 elephants, a komodo dragon (ally target), a friendly black mamba
(summoned) and 2 friendly water moccasins.

Vanquished Creatures
  A two-headed ogre (D:8)
  Maggie (D:9)
  A komodo dragon (Lair:1)
  A rime drake (Lair:1)
  A troll (D:9)
  2 wyverns
  7 yaks (D:9)
  4 steam dragons
  2 acid dragons
  6 water moccasins
  2 black bears
  An orc warrior (D:7)
  2 ice beasts
  A sky beast (D:6)
  An ogre (D:7)
  4 centaurs
  A phantom (D:5)
  A kobold brigand (D:9)
  2 bullfrogs (D:9)
  A necrophage (D:8)
  A gnoll sergeant (D:9)
  A scorpion (D:4)
  5 wights (D:9)
  9 howler monkeys
  2 hounds (D:6)
  2 jellies
  Crazy Yiuf (D:3)
  3 orc priests
  A gnoll bouda (D:6)
  3 iguanas
  11 orc wizards
  Robin (D:2)
  8 gnolls
  9 adders
  2 white imps
  2 ufetubi
  3 worms
  6 dart slugs
  31 orcs
  6 bats
  7 endoplasms
  4 giant cockroaches
  9 goblins
  9 hobgoblins
  7 jackals
  4 quokkas
  5 ball pythons
  3 frilled lizards
  10 kobolds
  A rat (D:3)
208 creatures vanquished.

Vanquished Creatures (collateral kills)
  An orc warrior (D:8)
  2 orcs (D:8)
  2 hobgoblins (D:2)
  2 goblins (D:2)
7 creatures vanquished.

Vanquished Creatures (others)
  55 fungi
  31 plants
  3 toadstools (D:2)
89 creatures vanquished.

Grand Total: 304 creatures vanquished

Notes
Turn   | Place    | Note
-------+----------+-------------------------------------------
     0 | D:1      | ryw the Armataur Hedge Wizard began the quest for the Orb.
     0 | D:1      | Reached XP level 1. HP: 14/14 MP: 4/4
    79 | D:1      | Reached skill level 1 in Conjurations
   216 | D:1      | Reached skill level 1 in Summonings
   216 | D:1      | Reached XP level 2. HP: 21/21 MP: 0/5
   646 | D:1      | Upgraded the game from 0.30-a0-723-gc1506a1cf0 to
                  | 0.30-a0-726-gd89dcf765f
  1246 | D:2      | Reached XP level 3. HP: 27/27 MP: 4/7
  1494 | D:2      | Found a radiant altar of Vehumet.
  1670 | D:2      | Noticed Robin
  1873 | D:2      | Reached XP level 4. HP: 33/35 MP: 1/8
  1876 | D:2      | Learned a level 2 spell: Call Imp
  2000 | D:2      | Killed Robin
  2493 | D:2      | Identified a scroll of acquirement
  2493 | D:2      | Acquired the +0 staff of Battle
  2493 | D:2      | Found the +0 staff of Battle
  2667 | D:3      | Found a runed translucent door.
  2668 | D:3      | Noticed Crazy Yiuf
  2686 | D:3      | Killed Crazy Yiuf
  2825 | D:3      | Reached XP level 5. HP: 41/41 MP: 4/9
  3004 | D:3      | Learned a level 3 spell: Mephitic Cloud
  3008 | D:3      | Learned a level 3 spell: Stone Arrow
  3216 | D:3      | Found a hazy altar of Hepliaklqana.
  3664 | D:4      | Reached skill level 1 in Staves
  3664 | D:4      | Reached skill level 2 in Conjurations
  4183 | D:4      | Reached skill level 1 in Fighting
  4185 | D:4      | Reached XP level 6. HP: 48/50 MP: 0/11
  4204 | D:4      | Reached skill level 1 in Earth Magic
  4310 | D:4      | Reached skill level 1 in Poison Magic
  4343 | D:4      | Reached skill level 1 in Air Magic
  4802 | D:5      | Entered Level 5 of the Dungeon
  5194 | D:5      | Reached XP level 7. HP: 56/56 MP: 6/12
  5446 | D:5      | Found a staircase to the Ecumenical Temple.
  5874 | Temple   | Entered the Ecumenical Temple
  6075 | Temple   | Became a worshipper of Vehumet
  6428 | D:6      | Found a runed translucent door.
  6428 | D:6      | Noticed mandoloar's ghost (novice MiFi)
  6508 | D:6      | Reached skill level 3 in Conjurations
  6702 | D:6      | Reached skill level 4 in Conjurations
  6890 | D:6      | Reached XP level 8. HP: 65/65 MP: 10/14
  7419 | D:7      | Reached skill level 5 in Conjurations
  7664 | D:7      | Reached skill level 5 in Spellcasting
  7736 | D:7      | Reached * piety under Vehumet
  7736 | D:7      | Offered knowledge of Foxfire by Vehumet.
  7737 | D:7      | Reached skill level 6 in Conjurations
  7925 | D:7      | Reached skill level 7 in Conjurations
  8456 | D:7      | Reached XP level 9. HP: 71/71 MP: 13/16
  8686 | D:8      | Noticed a two-headed ogre
  8692 | D:8      | Killed a two-headed ogre
  8693 | D:8      | Reached skill level 8 in Conjurations
  8792 | D:8      | Reached skill level 9 in Conjurations
  9117 | D:8      | Reached skill level 1 in Armour
  9814 | D:9      | Noticed a troll
  9819 | D:9      | Killed a troll
  9866 | D:9      | Reached XP level 10. HP: 82/82 MP: 10/17
  9875 | D:9      | Reached skill level 10 in Conjurations
 10029 | D:9      | Found a staircase to the Lair.
 10056 | D:9      | Offered knowledge of Searing Ray by Vehumet.
 10114 | D:9      | Noticed Maggie
 10120 | D:9      | Killed Maggie
 10120 | D:9      | Reached ** piety under Vehumet
 10359 | D:9      | Found Famoroif's Assorted Antiques.
 10373 | D:9      | Bought a scroll labelled KIOPHECLECH for 30 gold pieces
 10506 | D:9      | Reached skill level 11 in Conjurations
 10584 | D:9      | Offered knowledge of Ignite Poison by Vehumet.
 10796 | D:9      | Found a basalt altar of Yredelemnul.
 10805 | D:9      | Found a stormy altar of Qazlal.
 10979 | Lair:1   | Entered Level 1 of the Lair of Beasts
 11207 | Lair:1   | Noticed an elephant
 11207 | Lair:1   | Noticed an elephant
 11207 | Lair:1   | Noticed an elephant
 11362 | Lair:1   | HP: 2/82 [komodo dragon (13)]
 11365 | Lair:1   | Mangled by a komodo dragon

Illustrated notes

Levels and vault maps discovered:
D:1:      grunt_arrival_lava_bath, layout_loops_ring
D:2:      layout_rooms, basic_altar, minmay_gold_behind_fungi, uniq_robin
D:3:      layout_basic, nzn_hepliaklqana_mist_gate, uniq_crazy_yiuf_cottage
D:4:      layout_cave_pods
D:5:      layout_cave_pods, temple_hall
D:6:      layout_gridville, gammafunk_ghost_grave
D:7:      layout_layer_cave
D:8:      layout_cave_pods
D:9:      layout_roguey, mainiacjoe_overflow_swirl, due_lair_maze_entry_diamond,
          serial_shops, nicolae_square_shop, minmay_crystal_room,
          chequers_serial_rivers_micro_d, uniq_maggie
Temple:   bh_familiar_temple
Lair:1:   layout_loops_ring, beast_lair_carwin_10, serial_bayou_shore_a

Skill      XL: |  1  2  3  4  5  6  7  8  9 10 |
---------------+-------------------------------+-----
Conjurations   | 1 2 4 7 9 11 | 11.4
Summonings     | 1 2 |  2.0
Spellcasting   | 3 4 5 7 |  7.5
Stealth        | 3 |  3.0
Translocations | 2 |  2.0
Dodging        | 2 3 |  3.0
Staves         | 1 |  1.0
Fighting       | 1 2 3 |  3.0
Earth Magic    | 1 2 |  2.0
Poison Magic   | 1 2 |  2.0
Air Magic      | 1 2 |  2.0
Armour         | 2 |  2.0

Action                     |  1- 3 |  4- 6 |  7- 9 | 10-12 || total
---------------------------+-------+-------+-------+-------++-------
  Melee: Dagger            |    30 |    10 |       |       ||    40
         Tailslap          |     7 |     1 |       |       ||     8
         Staff             |       |     6 |       |     2 ||     8
   Cast: Magic Dart        |    88 |   134 |   165 |   122 ||   509
         Call Imp          |       |     3 |     2 |     4 ||     9
         Stone Arrow       |       |       |       |     2 ||     2
  Evoke: Wand              |       |     1 |       |       ||     1
    Use: Scroll            |       |     9 |     8 |     3 ||    20
         Potion            |       |     1 |       |     1 ||     2
   Stab: Sleeping          |     3 |       |       |       ||     3
         Fleeing           |       |       |       |     1 ||     1
 Armour: Robe              |    16 |    12 |       |       ||    28
         Steam dragon scal |       |       |     1 |    40 ||    41
  Dodge: Dodged            |    16 |    14 |     5 |    45 ||    80

Table legend: (Time is in decaauts)
 A = Elapsed time spent in this place.
 B = Non-inter-level travel time spent in this place.
 C = Inter-level travel time spent in this place.
 D = Time resting spent in this place.
 E = Time spent auto-exploring this place.
 F = Levels seen in this place.
 G = Mean time per level.
                   A        B        C        D        E       F      G
               +--------+--------+--------+--------+--------+-----+--------+
         Total |  11376 |  10693 |    683 |    539 |   8692 |  11 | 1034.2 |
       Dungeon |  10821 |  10193 |    628 |    539 |   8334 |   9 | 1202.3 |
        Temple |    218 |    163 |     55 |      0 |    159 |   1 |  218.0 |
          Lair |    336 |    336 |      0 |      0 |    199 |   1 |  336.0 |
               +--------+--------+--------+--------+--------+-----+--------+

Top non-repeatable levels by time:
     D:7: 1547 daAuts
     D:1: 1348 daAuts
     D:2: 1269 daAuts
     D:9: 1245 daAuts
     D:4: 1155 daAuts
     D:5: 1150 daAuts
     D:8: 1122 daAuts
     D:3: 1036 daAuts
     D:6: 947 daAuts
  Lair:1: 336 daAuts
  Temple: 218 daAuts
